 Dungeon Crawl Stone Soup version 0.16-b1 (webtiles) character file.

385 dysrexia the Slasher (level 6, 0/42 HPs)
             Began as an Octopode Abyssal Knight on Mar 15, 2015.
             Was a Priest of Lugonu.
             Slain by a sky beast (5 damage)
             ... on level 5 of the Dungeon.
             The game lasted 00:16:12 (4828 turns).

dysrexia the Slasher (Octopode Abyssal Knight)      Turns: 4828, Time: 00:16:12

Health: 0/42       AC:  1    Str: 11    XL:     6   Next: 77%
Magic:  7/7        EV: 12    Int: 14    God:    Lugonu [***...]
Gold:   248        SH:  3    Dex: 14    Spells: 0 memorised, 5 levels left

rFire  . . .     SeeInvis .     k - +0 long sword
rCold  . . .     Clarity  .     r - +0 buckler
rNeg   . . .     SustAb   .     (helmet restricted)
rPois  .         Gourm    .     (no amulet)
rElec  .         Spirit   .     (no ring)
rCorr  .         Warding  .     (no ring)
rMut   .         Stasis   .     (no ring)
MR     .....                    (no ring)
Stlth  ++++......               (no ring)
                                (no ring)
                                (no ring)
                                (no ring)

@: not resistant to hostile enchantments, stealthy
A: almost no armour, amphibious, 8 rings, constrict 8, camouflage 1, gelatinous
body 1
a: Depart the Abyss, Bend Space, Banish, Renounce Religion


You were on level 5 of the Dungeon.
You worshipped Lugonu.
Lugonu was most pleased with you.
You were not hungry.

You visited 1 branch of the dungeon, and saw 5 of its levels.
You visited the Abyss 1 time.

You collected 248 gold pieces.

Inventory:

Hand weapons
 a - a +1 falchion
 k - a +0 long sword (weapon)
Missiles
 e - 8 needles of paralysis
 i - 37 stones (quivered)
Armour
 r - a +0 buckler (worn)
Scrolls
 h - 2 scrolls of teleportation
 s - a scroll of identify
Potions
 d - a potion of cure mutation
 f - a potion of might
 g - a potion of lignification {unknown}
 l - 2 potions of poison {unknown}
 m - a potion of berserk rage {unknown}
 n - a potion of curing {unknown}
 o - a potion of agility {unknown}
Comestibles
 b - 3 meat rations
 c - 3 bread rations
 j - 3 beef jerkies
 p - a slice of pizza
 q - 5 chunks of flesh


   Skills:
 - Level 3.0 Fighting
 * Level 6.4 Long Blades
 - Level 2.3 Dodging
 + Level 3.6 Stealth
 - Level 2.0 Invocations


You had 5 spell levels left.
You didn't know any spells.

Dungeon Overview and Level Annotations

Branches:
Dungeon (5/15)
 Temple: D:4-7

Altars:


Innate Abilities, Weirdness & Mutations

You cannot wear most types of armour.
You are amphibious.
You can wear up to eight rings at the same time.
You can use your tentacles to constrict many enemies at once.
Your skin changes colour to match your surroundings (Stealth).
Your rubbery body absorbs attacks (AC +1).


Message History

The sky beast is moderately wounded.
The sky beast barely misses you. You block the sky beast's attack.
You miss the sky beast.
The sky beast is moderately wounded.
The sky beast hits you. The sky beast shocks you.
You hit the sky beast.
The sky beast is heavily wounded.
The sky beast flickers out of sight!
Deactivating autopickup; reactivate with Ctrl-A.
Something hits you. Something shocks you.
You slash something! Something hits you. Something shocks you.
* * * LOW HITPOINT WARNING * * *
A sky beast appears from thin air!
Reactivating autopickup.
You slash the sky beast!
The sky beast is almost dead.
The sky beast hits you.
* * * LOW HITPOINT WARNING * * *
The sky beast shocks you.
You die...

#
#.##########.#
#.# . # #.#
#.# #.# .#
###.# #.# #Y#
.# ....# #.#
#.# .# #####
#.# #(# .# #.#
#.###.# #.#
#...#.#
#.########.#.#
#..@Y.....<..#
#.########.#.#
### #####


You could see a sky beast.

Vanquished Creatures
  A crimson imp (D:5)
  A hound (D:4)
  An orc wizard (D:4)
  A worker ant (D:4)
  A hound zombie (D:4)
  A hound skeleton (D:4)
  8 adders
  7 gnolls (D:4)
  A giant mite (D:3)
  2 worms
  An ooze (D:4)
  5 orcs
  2 ball pythons
  11 bats
  5 giant cockroaches
  5 goblins
  7 hobgoblins
  7 jackals (D:2)
  10 kobolds
  2 quokkas
  3 giant geckos
  A giant gecko skeleton (D:4)
  4 giant newts
  12 rats
99 creatures vanquished.

Notes
Turn   | Place    | Note
--------------------------------------------------------------
     0 | Abyss:1  | dysrexia, the Octopode Abyssal Knight, began the quest for the Orb.
     0 | Abyss:1  | Reached XP level 1. HP: 16/16 MP: 1/1
     9 | D:1      | Escaped the Abyss
    60 | D:1      | Reached XP level 2. HP: 14/21 MP: 2/2
  1077 | D:2      | Reached XP level 3. HP: 19/26 MP: 3/3
  1615 | D:2      | Reached skill level 4 in Long Blades
  1654 | D:2      | Reached XP level 4. HP: 31/31 MP: 5/5
  1832 | D:2      | Acquired Lugonu's second power
  2852 | D:3      | Reached XP level 5. HP: 36/36 MP: 6/6
  3055 | D:4      | Reached skill level 5 in Long Blades
  3104 | D:4      | Reached skill level 1 in Stealth
  3638 | D:4      | Reached XP level 6. HP: 42/42 MP: 7/7
  3736 | D:4      | Acquired Lugonu's third power
  3867 | D:4      | Reached skill level 6 in Long Blades
  4516 | D:5      | Entered Level 5 of the Dungeon
  4541 | D:5      | Noticed a steam dragon
  4828 | D:5      | Slain by a sky beast

Action                   |  1- 3 |  4- 6 || total
-------------------------+-------+-------++-------
Melee: Falchion          |    44 |       ||    44
       Long sword        |    25 |   160 ||   185
Throw: Stone             |     6 |    43 ||    49
  Use: Scroll            |       |     6 ||     6
 Stab: Sleeping          |     4 |     9 ||    13
  Eat: Chunk             |     2 |    10 ||    12
